 Dungeon Crawl Stone Soup version 0.30-b1-2-g02819fbbbe (webtiles) character file.

Game seed: 678769785297656399

392039 Flugkiller the Impregnable (level 21, -9/209 HPs)
             Began as a Minotaur Fighter on May 8, 2023.
             Was a High Priest of Cheibriados.
             Mangled by Tiamat
             ... wielding a +1 demon trident of electrocution
              (33 damage)
             ... on level 1 of the Realm of Zot.
             The game lasted 00:21:18 (29268 turns).

Flugkiller the Impregnable (Minotaur Fighter)      Turns: 29268, Time: 00:21:19

Health: -9/209     AC: 43    Str: 44    XL:     21   Next: 77%
Magic:  34/37      EV: 21    Int: 21    God:    Cheibriados [*****.]
Gold:   2681       SH: 24    Dex: 32    Spells: 20/20 levels left

rFire   + + .        a - +9 broad axe "Ykogeim" {holy, rPois rC+ rCorr MP+9}
rCold   + + .        T - +0 tower shield
rNeg    . . .        P - +3 gold dragon scales
rPois   +            i - +2 hat {Int+3}
rElec   +            V - +2 cloak
rCorr   +            O - +2 pair of gloves
SInv    .            s - +2 pair of boots
Will    +++..        Q - amulet "Ameuhua" {rElec Will+ Regen+ Dex+3 Slay+2} Stlth
                     j - +4 ring of slaying
HPRegen 1.34/turn    u - ring of Releaf {rF+ Will+}
MPRegen 0.25/turn

%: no passive effects
@: studying Throwing, very slow
A: horns 2, retaliatory headbutt, iridescent scales 1, agile 1
}: 3/15 runes: decaying, abyssal, gossamer
a: Renounce Religion, Bend Time, Temporal Distortion, Slouch, Step From Time


You were on level 1 of the Realm of Zot.
You worshipped Cheibriados.
Cheibriados was extremely pleased with you.
You visited 8 branches of the dungeon, and saw 36 of its levels.
You visited the Abyss 1 time.
You also visited: Ice Cave.

You collected 4043 gold pieces.
You spent 1362 gold pieces at shops.

Inventory:

Hand Weapons
 a - the +9 broad axe "Ykogeim" (weapon) {holy, rPois rC+ rCorr MP+9}
   (You acquired it on level 2 of the Orcish Mines)

   rC:        It protects you from cold.
   rPois:     It protects you from poison.
   MP:        It affects your magic capacity (+9).
   rCorr:     It protects you from acid and corrosion.
 b - a +1 rapier of distortion
   (You took it off a spriggan on level 5 of the Lair of Beasts)
Missiles
 C - 2 throwing nets (quivered)
Armour
 i - a +2 hat of intelligence (worn)
   (You found it on level 4 of the Dungeon)
 s - a +2 pair of boots (worn)
   (You found it on level 2 of the Dungeon)
 O - a +2 pair of gloves (worn)
   (You found it on level 2 of the Lair of Beasts)
 P - +3 gold dragon scales (worn)
   (You found it on level 3 of the Depths)
 T - a +0 tower shield (worn)
   (You took it off a kobold brigand on level 12 of the Dungeon)
 V - a +2 cloak (worn)
   (You found it on level 1 of the Spider Nest)
Jewellery
 j - a +4 ring of slaying (left hand)
   (You found it on level 3 of the Lair of Beasts)
 k - the ring of Ytukhlin {Fly rC+}
   (You took it off a fire giant on level 2 of the Depths)

   [ring of flight]

   rC:        It protects you from cold.
   Fly:       It grants you flight.
 m - a ring of willpower
   (You found it on level 4 of the Lair of Beasts)
 p - a +4 ring of protection
   (You found it on level 4 of the Swamp)
 u - the ring of Releaf (right hand) {rF+ Will+}
   (You bought it in a shop on level 2 of the Orcish Mines)

   [ring of willpower]

   rF:        It protects you from fire.
   Will:      It increases your willpower.
 y - the ring of Roarhiq {rPois rF+ rCorr Str-3 Stlth+}
   (You found it in an ice cave)

   [ring of poison resistance]

   Str:       It affects your strength (-3).
   rF:        It protects you from fire.
   rPois:     It protects you from poison.
   rCorr:     It protects you from acid and corrosion.
   Stlth:     It makes you more stealthy.
 Q - the amulet "Ameuhua" (around neck) {rElec Will+ Regen+ Dex+3 Slay+2}
   (You found it on level 14 of the Dungeon)

   [amulet of regeneration]

   Dex:       It affects your dexterity (+3).
   Slay:      It affects your accuracy & damage with ranged weapons and melee
   (+2).
   rElec:     It insulates you from electricity.
   Regen:     It increases your rate of health regeneration.
   Will:      It increases your willpower.
 S - the ring "Vum Myqi" {rElec rC+ Int+3 Dex-3 SInv}
   (You found it on level 4 of the Swamp)

   [ring of see invisible]

   Int:       It affects your intelligence (+3).
   Dex:       It affects your dexterity (-3).
   rC:        It protects you from cold.
   rElec:     It insulates you from electricity.
   SInv:      It lets you see invisible.
 W - a +4 ring of protection
   (You took it off a frost giant on level 3 of the Depths)
Wands
 g - a wand of digging (6)
   (You found it on level 5 of the Lair of Beasts)
 v - a wand of quicksilver (37)
   (You found it on level 6 of the Dungeon)
 B - a wand of charming (36)
   (You found it on level 10 of the Dungeon)
 E - a wand of roots (8)
   (You found it on level 4 of the Lair of Beasts)
 K - a wand of mindburst (9)
   (You found it on level 5 of the Lair of Beasts)
Scrolls
 f - 3 scrolls of vulnerability
 l - 2 scrolls of magic mapping
 o - 7 scrolls of enchant weapon
 r - 8 scrolls of identify
 t - 13 scrolls of teleportation
 x - 2 scrolls of silence
 z - 2 scrolls of blinking
 H - 5 scrolls of fear
 L - 6 scrolls of immolation
 X - 5 scrolls of fog
 Z - a scroll of butterflies
Potions
 c - a potion of attraction
 d - 2 potions of might
 e - 7 potions of mutation
 h - 9 potions of haste
 n - 9 potions of ambrosia
 q - 17 potions of curing
 w - 8 potions of heal wounds
 J - 2 potions of invisibility
 M - a potion of berserk rage
 N - 6 potions of lignification
 R - 3 potions of magic
 U - 2 potions of flight
 Y - a potion of cancellation
Miscellaneous
 F - a condenser vane
   (You found it on level 11 of the Dungeon)
 G - a phantom mirror (inert)
   (You found it on level 2 of the Lair of Beasts)


   Skills:
 * Level 22.5 Fighting
 * Level 22.4 Axes
 * Level 22.6 Armour
 + Level 13.2 Dodging
 + Level 16.5 Shields
 - Level 11.0 Invocations
 - Level 4.1 Evocations


You had 20 spell levels left.
You didn't know any spells.
Your spell library was empty.

Dungeon Overview and Level Annotations

Branches:
Dungeon (15/15)            Temple (1/1) D:4            Lair (5/5) D:11
  Swamp (4/4) Lair:3       Spider (4/4) Lair:2        Slime (0/5) Lair:4
    Orc (2/2) D:9             Elf (0/3) Orc:2        Vaults (0/5) D:14
 Depths (4/4) D:15            Zot (1/5) Depths:4      IceCv (visited)

Altars:
Ashenzari
Cheibriados
Dithmenos
Elyvilon
Fedhas
Gozag
Hepliaklqana
Kikubaaqudgha
Makhleb
Nemelex Xobeh
Okawaru
Qazlal
Ru
Sif Muna
Trog
Uskayaw
Vehumet
Wu Jian
Xom
Yredelemnul
Zin
The Shining One
Jiyva
Lugonu

Shops:
D:5 [   D:12 [   Orc:2 =*?(   Depths:1 [   Depths:3 *

Portals:
Hell: Depths:2 Depths:3
Abyss: Lair:5 Depths:3 Depths:4
Pandemonium: Depths:2 Depths:3
Ziggurat: Depths:4

Annotations:
D:15 exclusion: obsidian statue
Swamp:4 1 runed translucent door, bl3nd3r's ghost, adept MiBe
Zot:1 Tiamat


Innate Abilities, Weirdness & Mutations

You have a pair of horns on your head.
You reflexively headbutt those who attack you in melee.
You are partially covered in iridescent scales. (AC +2)
You are agile. (Dex +4, Str/Int -1)


Message History

You block the green draconian monk's attack. x2
The green draconian monk tail-slaps you but does no damage.
You slice Tiamat!!
Tiamat is severely wounded.
You closely miss the black draconian. You hit the red draconian.
You slice the green draconian monk!!
You kill the green draconian monk!
Cheibriados appreciates the change of pace.
Cheibriados raises the support of your attributes as your movement slows.
You block the black draconian's attack. You block Tiamat's attack. x2
Tiamat tail-slaps you. The red draconian closely misses you.
The red draconian breathes fire at you. The searing blast hits you. You resist.
The moth of wrath goads the black draconian on!
The black draconian goes berserk!
You completely miss Tiamat. You headbutt Tiamat!
Tiamat is severely wounded.
You slice the black draconian!!
You kill the black draconian!
Cheibriados thoroughly appreciates the change of pace.
You slash the red draconian! You slice the green draconian monk!!
You block Tiamat's attack. x2; Tiamat closely misses you.
The red draconian completely misses you.
The moth of wrath goads the red draconian on!
The red draconian goes berserk!
The red draconian hits you with a +0 scimitar!
The flow of time bends around you.
Cheibriados rebukes Tiamat.
Tiamat seems to slow down.
Cheibriados rebukes the green draconian monk.
The green draconian monk seems to slow down.
Cheibriados rebukes the red draconian.
The red draconian seems to slow down.
The red draconian hits you from afar with a +0 trident!
* * * LOW HITPOINT WARNING * * *
The green draconian monk closely misses you.
You furiously retaliate!
You headbutt the green draconian monk!
You block the green draconian monk's attack. x2
The green draconian monk tail-slaps you but does no damage.
The moth of wrath goads the green draconian monk on!
The green draconian monk shakes off its lethargy.
The green draconian monk goes berserk!
You slash Tiamat!
Tiamat is severely wounded.
You barely miss the green draconian monk.
You slash the red draconian! You block the red draconian's attack.
The green draconian monk hits you!
* * * LOW HITPOINT WARNING * * *
The green draconian monk kicks you but does no damage.
You block the green draconian monk's attack.
The green draconian monk tail-slaps you but does no damage.
Tiamat breathes dispelling energy at you.
The bolt of dispelling energy misses you.
The red draconian hits you but does no damage.
You slice Tiamat like a ripe choko!!! You headbutt Tiamat!
Tiamat is almost dead.
You slice the green draconian monk!! You hit the red draconian.
You block the red draconian's attack.
You block the green draconian monk's attack.
The green draconian monk kicks you but does no damage.
The green draconian monk misses you.
You block the green draconian monk's attack.
You block the red draconian's attack.
You slice Tiamat!! You headbutt Tiamat.
Tiamat is almost dead.
You slash the green draconian monk! You slash the red draconian!
The green draconian monk barely misses you.
You block the green draconian monk's attack.
The green draconian monk tail-slaps you but does no damage.
The green draconian monk misses you.
The red draconian hits you but does no damage.
Tiamat barely misses you. You furiously retaliate!
You headbutt Tiamat!
Tiamat tail-slaps you but does no damage.
The red draconian hits you but does no damage.
The moth of wrath goads Tiamat on!
Tiamat shakes off her lethargy.
Tiamat goes berserk!
You block the green draconian monk's attack.
The green draconian monk kicks you.
* * * LOW HITPOINT WARNING * * *
You block the green draconian monk's attack.
The green draconian monk closely misses you.
You hit Tiamat. You headbutt Tiamat, but do no damage.
Tiamat is almost dead.
You slice the red draconian!!
You kill the red draconian!
Cheibriados appreciates the change of pace.
You completely miss the green draconian monk.
You block Tiamat's attack. x2
The red draconian hits you from afar with a +0 trident!!
* * * LOW HITPOINT WARNING * * *
You block the green draconian monk's attack.
The green draconian monk completely misses you.
The green draconian monk tail-slaps you but does no damage.
The green draconian monk closely misses you.
You slash Tiamat! You headbutt Tiamat, but do no damage.
Tiamat is almost dead.
You cut the moth of wrath into ribbons!!!
You miss the green draconian monk.
Tiamat hits you with a +1 demon trident of electrocution!!
You die...

~~~~###.d#### #.
............# #..
............# #...
..###.......####..$.
....^.............^
...................#
........(....d....#
#############yq...###
.....⌠......d@)......
............)○)......
####...##.[)######..
.## #...#...## . #...
#####...## #..
#......##
...##.....##
#.#.....## #...[.##


You could see Tiamat (berserk, catching breath), a green draconian monk
(berserk), a red draconian (berserk) and a moth of wrath.

Vanquished Creatures
  3 juggernauts (Depths:3)
  Boris (twice) (Depths:2 Depths:3)
  Frederick (Depths:3)
  Margery (Depths:3)
  4 caustic shrikes
  Nikola (Swamp:1)
  2 golden dragons (Depths:3)
  the Enchantress (Depths:3)
  Arachne (Spider:2)
  A bone dragon (Depths:4)
  A Hell Sentinel (Abyss:3)
  4 tentacled monstrosities
  Mlioglotl (Swamp:3)
  A titan (Depths:3)
  A quicksilver dragon (Zot:1)
  Frances (D:12)
  6 sphinxes
  A tentacled starspawn (Abyss:3)
  6 tengu reavers
  A shadow dragon (Depths:4)
  2 storm dragons
  A thorn hunter (Abyss:3)
  2 draconian monks
  An azure jelly (Swamp:4)
  8 emperor scorpions (Spider:4)
  2 deep elf sorcerers (Abyss:3)
  9 fire giants
  Louise (Spider:4)
  3 ghost moths (Spider:4)
  8 frost giants
  2 quicksilver oozes (IceCv)
  2 reapers (Depths:2)
  A draconian annihilator (Depths:4)
  4 spriggan defenders
  16 very ugly things
  A broodmother (Spider:3)
  12 stone giants
  A vampire knight (Depths:3)
  5 eleionomae
  A black draconian (Zot:1)
  2 green draconians (Zot:1)
  3 red draconians
  Azrael (D:12)
  3 bunyips
  2 purple draconians
  2 white draconians
  3 yellow draconians
  13 ettins
  5 fire dragons
  14 spark wasps
  A dire elephant (Lair:4)
  A merfolk impaler (Depths:4)
  An entropy weaver (Spider:2)
  2 shambling mangroves (Abyss:3)
  A quicksilver dragon skeleton (Depths:2)
  Harold (D:9)
  4 rakshasas
  7 hydras
  3 catoblepae
  3 spriggan air magi
  9 ice dragons
  An ogre mage (D:15)
  2 centaur warriors
  2 dancing weapons (D:14)
  A ghost crab (Swamp:2)
  5 alligators
  A radroach (Spider:1)
  9 two-headed ogres
  A fenstrider witch skeleton (Abyss:3)
  A satyr (Abyss:3)
  A vampire mage (Depths:4)
  7 boulder beetles
  A death yak (Lair:4)
  8 deep troll shamans
  5 deep troll earth magi
  2 titan zombies
  3 spriggan berserkers
  4 tengu warriors
  8 thrashing horrors
  24 hell knights
  A sun demon (Abyss:3)
  A wretched star (Abyss:3)
  7 pharaoh ants
  6 goliath frogs
  3 skysharks (Lair:4)
  5 skeletal warriors
  2 flayed ghosts (Depths:2)
  8 iron trolls
  4 large abominations
  A spatial maelstrom (Abyss:3)
  6 spriggan druids
  16 deep trolls
  A fire crab (shapeshifter) (Depths:2)
  A golden dragon skeleton (Depths:3)
  6 bog bodies
  A death drake (Depths:3)
  2 swamp dragons (Swamp:4)
  6 orb spiders
  An orange crystal statue (IceCv)
  3 phantasmal warriors
  A shadow demon (Depths:3)
  2 starcursed masses (Abyss:3)
  3 steelbarb worms (Spider:4)
  A wizard (Depths:3)
  9 orc knights
  A lindwurm (Lair:4)
  8 necromancers
  A tengu zombie (D:15)
  A deep elf pyromancer (D:14)
  4 cyclopes
  A fire giant zombie (Depths:2)
  2 orc sorcerers
  3 worldbinders (Abyss:3)
  43 ugly things
  14 wolf spiders
  A manticore (shapeshifter) (Depths:3)
  A shadow dragon skeleton (Depths:2)
  3 moths of wrath
  An iron dragon skeleton (Depths:3)
  2 manticores
  A frost giant skeleton (Depths:3)
  5 will-o-the-wisps
  A water nymph (Abyss:3)
  15 elephants
  A rust devil (Depths:3)
  5 smoke demons
  4 black mambas
  3 torpor snails
  6 demonic crawlers
  An ice statue (Swamp:1)
  A gargoyle (D:14)
  12 cane toads
  A rime drake (Lair:3)
  5 kobold demonologists
  2 unseen horrors
  5 komodo dragons
  A yaktaur (shapeshifter) (D:12)
  4 freezing wraiths (Swamp:4)
  Psyche (D:9)
  7 trolls
  A guardian mummy (D:15)
  A red devil (Depths:3)
  3 ancient zymes (Lair:5)
  A tengu conjurer (Depths:4)
  A meliai (shapeshifter) (D:14)
  3 meliai (Spider:3)
  2 polar bears
  A bloated husk (Swamp:1)
  14 tarantellas
  3 raiju (Abyss:3)
  8 tyrant leeches
  7 dream sheep (Lair:3)
  7 hornets
  16 blink frogs
  A spriggan zombie (D:15)
  28 jumping spiders
  23 slime creatures
  7 water elementals
  11 culicivoras
  2 ynoxinuls (Lair:5)
  A shadow (D:5)
  4 fire elementals (D:11)
  3 wraiths
  31 yaks
  13 spriggans
  3 wyverns
  A human (shapeshifter) (Lair:5)
  6 basilisks
  A steam dragon (D:10)
  3 swamp worm simulacra (Swamp:4)
  6 vampire mosquitoes
  2 chaos spawn
  34 redbacks
  17 swamp worms
  3 wargs
  3 spatial vortices (Abyss:3)
  An acid dragon (D:12)
  A two-headed ogre zombie (Orc:1)
  18 water moccasins
  A human zombie (D:15)
  3 hell hounds
  15 hydra simulacra (Swamp:4)
  35 orc warriors
  3 swamp drakes
  A sky beast (D:7)
  5 black bears
  3 ice beasts
  21 ogres
  2 great orb of eyes simulacra (IceCv)
  42 wolves
  4 centaurs
  A slime creature simulacrum (IceCv)
  3 kobold brigands
  7 bullfrogs
  6 scorpions
  Blork the orc (D:4)
  A glowing shapeshifter simulacrum (IceCv)
  A gnoll sergeant (D:10)
  15 wights
  3 electric eels
  8 howler monkeys
  10 small abominations
  14 orc priests
  4 hounds
  2 gnoll boudas
  A jelly (D:5)
  3 sleepcaps
  Terence (D:2)
  Jessica (D:3)
  Ijyb (D:3)
  3 iguanas
  Natasha (twice) (D:2)
  29 orc wizards
  13 gnolls
  5 adders
  A white imp (D:8)
  3 ufetubi
  5 swamp drake simulacra (Swamp:4)
  3 worms (D:3)
  2 dart slugs
  92 orcs
  10 endoplasms
  5 giant cockroaches
  10 goblins
  9 hobgoblins
  3 jackals (D:1)
  18 kobolds
  5 quokkas
  7 ball pythons
  A bat (D:1)
  5 frilled lizards
  6 rats
  3 briar patches (Abyss:3)
  A butterfly (D:4)
  A lurking horror (Abyss:3)
  A starspawn tentacle (Abyss:3)
1305 creatures vanquished.

Vanquished Creatures (collateral kills)
  A white draconian (Zot:1)
1 creature vanquished.

Vanquished Creatures (others)
  A deep troll earth mage (Depths:3)
  An orb spider (Spider:4)
  A wizard (Depths:2)
  A worldbinder (Abyss:3)
  A will-o-the-wisp (Swamp:4)
  A water nymph (Abyss:3)
  2 bloated husks
  A briar patch (Abyss:3)
  4 bushes (Depths:2)
  A demonic plant (D:1)
  16 foxfires
  72 fungi
  105 plants
  A starspawn tentacle (Abyss:3)
  7 toadstools (Lair:4)
  A withered plant (D:15)
216 creatures vanquished.

Grand Total: 1522 creatures vanquished

Notes
Turn   | Place    | Note
-------+----------+-------------------------------------------
     0 | D:1      | Flugkiller the Minotaur Fighter began the quest for the
                  | Orb.
     0 | D:1      | Reached XP level 1. HP: 19/19 MP: 0/0
    98 | D:1      | Reached XP level 2. HP: 27/27 MP: 1/1
   649 | D:1      | Found a faded altar of an unknown god.
   649 | D:1      | Noticed a hellwing
   964 | D:2      | Noticed Terence
   973 | D:2      | Killed Terence
   974 | D:2      | Reached XP level 3. HP: 19/33 MP: 2/2
  1118 | D:2      | Noticed Natasha
  1124 | D:2      | Killed Natasha
  1125 | D:2      | Reached XP level 4. HP: 34/41 MP: 3/3
  1212 | D:2      | Noticed Natasha
  1217 | D:2      | Killed Natasha
  1606 | D:3      | Found an ornate altar of the Wu Jian Council.
  1704 | D:3      | Noticed Jessica
  1710 | D:3      | Found an opulent altar of Gozag.
  1713 | D:3      | Killed Jessica
  1714 | D:3      | Reached skill level 5 in Armour
  1714 | D:3      | Reached XP level 5. HP: 29/47 MP: 4/4
  1848 | D:3      | Identified the +1 helmet of the Barnacle {rElec rF+ Will+}
  2014 | D:3      | Noticed Ijyb
  2024 | D:3      | Killed Ijyb
  2091 | D:3      | Reached skill level 5 in Fighting
  2091 | D:3      | Reached XP level 6. HP: 33/56 MP: 5/5
  2568 | D:4      | Noticed Blork the orc
  2575 | D:4      | Killed Blork the orc
  2585 | D:4      | Reached skill level 5 in Axes
  2650 | D:4      | Found a hide-covered altar of Uskayaw.
  2693 | D:4      | Found a hazy altar of Hepliaklqana.
  2694 | D:4      | Found a glowing golden altar of the Shining One.
  2749 | D:4      | Found a staircase to the Ecumenical Temple.
  2749 | D:4      | Noticed an ice beast
  2762 | D:4      | Killed an ice beast
  2763 | D:4      | Reached XP level 7. HP: 62/62 MP: 6/6
  2766 | Temple   | Entered the Ecumenical Temple
  2922 | D:5      | Entered Level 5 of the Dungeon
  2928 | D:5      | Reached skill level 5 in Shields
  3142 | D:5      | Noticed a shadow
  3150 | D:5      | Killed a shadow
  3191 | D:5      | Reached XP level 8. HP: 50/71 MP: 7/7
  3344 | D:5      | Found Nizureh's Antique Armour Shoppe.
  3352 | D:5      | Bought a steaming buckler for 218 gold pieces
  3352 | D:5      | Identified the +1 buckler of the Armadillo {Str+2 Int+7
                  | Dex-5} (You bought it in a shop on level 5 of the Dungeon)
  4651 | D:6      | Found an ancient bone altar of Kikubaaqudgha.
  4656 | D:6      | Reached XP level 9. HP: 81/81 MP: 8/8
  4877 | D:6      | Identified the +6 war axe "Zutopn" {freeze, Str+3 Stlth+}
  5104 | D:6      | Found a stormy altar of Qazlal.
  5141 | D:6      | Reached skill level 1 in Evocations
  5195 | D:6      | Found a broken altar of Ashenzari.
  5204 | D:6      | Found a basalt altar of Yredelemnul.
  5559 | D:7      | Found a snail-covered altar of Cheibriados.
  5637 | D:7      | Became a worshipper of Cheibriados the Contemplative
  5729 | D:7      | Reached skill level 1 in Invocations
  6341 | D:8      | Reached * piety under Cheibriados
  6427 | D:8      | Reached XP level 10. HP: 84/91 MP: 10/10
  6824 | D:9      | Noticed a cyan ugly thing
  6835 | D:9      | Killed a cyan ugly thing
  6836 | D:9      | Reached skill level 10 in Armour
  6932 | D:9      | Reached ** piety under Cheibriados
  7104 | D:9      | Found a blossoming altar of Fedhas.
  7131 | D:9      | Noticed Harold
  7141 | D:9      | Killed Harold
  7142 | D:9      | Reached skill level 10 in Fighting
  7191 | D:9      | Noticed Psyche
  7198 | D:9      | Killed Psyche
  7274 | D:9      | Found a staircase to the Orcish Mines.
  7286 | D:9      | Reached skill level 10 in Axes
  7549 | D:9      | Reached XP level 11. HP: 80/101 MP: 13/13
  7593 | D:10     | Entered Level 10 of the Dungeon
  7607 | D:10     | Reached *** piety under Cheibriados
  7670 | D:10     | Noticed a two-headed ogre
  7682 | D:10     | Killed a two-headed ogre
  8073 | D:10     | Reached skill level 5 in Invocations
  8311 | D:11     | Found a shadowy altar of Dithmenos.
  8462 | D:11     | Reached **** piety under Cheibriados
  8547 | D:11     | Identified the +4 long sword of Bankruptcy {protect, rPois
                  | rF+ Str-3}
  8669 | D:11     | Noticed a two-headed ogre
  8675 | D:11     | Killed a two-headed ogre
  8741 | D:11     | Found a staircase to the Lair.
  9100 | D:12     | Noticed Azrael
  9111 | D:11     | Reached skill level 1 in Dodging
  9248 | Lair:1   | Entered Level 1 of the Lair of Beasts
  9353 | Lair:1   | Reached ***** piety under Cheibriados
  9445 | Lair:1   | Reached XP level 12. HP: 112/112 MP: 15/15
  9699 | Lair:1   | Noticed a four-headed hydra
  9707 | Lair:1   | Killed a ten-headed hydra
  9726 | Lair:1   | Noticed a catoblepas
  9733 | Lair:1   | Killed a catoblepas
 10114 | Lair:2   | Found a hole to the Spider Nest.
 10876 | Lair:3   | Found a staircase to the Swamp.
 11084 | Lair:3   | Reached ****** piety under Cheibriados
 11246 | Lair:3   | Reached XP level 13. HP: 98/122 MP: 18/18
 11513 | Lair:4   | Identified the +1 robe of Polish {rPois rF+++ rC- Will-}
 11545 | Lair:4   | Found a staircase to the Slime Pits.
 11546 | Lair:4   | Found a viscous altar of Jiyva.
 11621 | Lair:4   | Reached skill level 10 in Shields
 11766 | Lair:4   | Noticed a dire elephant
 11776 | Lair:4   | Found a runed translucent door.
 12396 | Lair:4   | Killed a dire elephant
 12397 | Lair:4   | Reached skill level 5 in Dodging
 12539 | Lair:5   | Entered Level 5 of the Lair of Beasts
 13376 | Lair:5   | Reached XP level 14. HP: 132/132 MP: 20/20
 13559 | Lair:5   | Found a corrupted altar of Lugonu.
 13559 | Lair:5   | Found a one-way gate to the infinite horrors of the Abyss.
 13865 | D:12     | Killed Azrael
 13947 | D:12     | Reached skill level 10 in Invocations
 13972 | D:12     | Found Xanukk's Armour Shoppe.
 14097 | D:12     | Identified the +1 long sword of Ydacluq {freeze, Str+9
                  | Stlth+}
 14111 | D:12     | Noticed Frances
 14117 | D:12     | Killed Frances
 14567 | D:13     | Reached skill level 15 in Armour
 15274 | D:14     | Identified the amulet "Ameuhua" {rElec Will+ Regen+ Dex+3
                  | Slay+2}
 15341 | D:14     | Reached skill level 15 in Fighting
 15456 | D:14     | Reached skill level 15 in Axes
 15667 | D:14     | Found a gate to the Vaults.
 16017 | D:15     | Entered Level 15 of the Dungeon
 16039 | D:15     | Found a staircase to the Depths.
 16059 | D:15     | Reached XP level 15. HP: 116/138 MP: 22/22
 16772 | D:12     | Identified a scroll of acquirement
 16867 | Orc:1    | Entered Level 1 of the Orcish Mines
 17723 | Orc:2    | Entered Level 2 of the Orcish Mines
 17842 | Orc:2    | Found Vuafa's Magic Scroll Boutique.
 17862 | Orc:2    | Found Solomaf's Antique Weapon Emporium.
 18084 | Orc:2    | Found Sylawaxzyc's General Store.
 18104 | Orc:2    | Found Koakkot's Jewellery Boutique.
 18293 | Orc:2    | Found a staircase to the Elven Halls.
 18438 | Orc:2    | Acquired the +9 broad axe "Ykogeim" {holy, rPois rC+ rCorr
                  | MP+9}
 18475 | Orc:2    | Bought a scroll of acquirement for 676 gold pieces
 18475 | Orc:2    | Acquired 760 gold pieces
 18486 | Orc:2    | Bought the ring of Releaf {rF+ Will+} for 468 gold pieces
 18692 | Swamp:1  | Entered Level 1 of the Swamp
 18697 | Swamp:1  | Found a frozen archway.
 18698 | Swamp:1  | Noticed Nikola
 18708 | Swamp:1  | Killed Nikola
 18724 | IceCv    | Entered an ice cave
 18757 | IceCv    | Noticed an azure jelly
 18780 | IceCv    | Identified the ring of Roarhiq {rPois rF+ rCorr Str-3
                  | Stlth+}
 19601 | Swamp:2  | Reached XP level 16. HP: 132/152 MP: 23/23
 20088 | Swamp:3  | Found a glowing golden altar of the Shining One.
 20128 | Swamp:3  | Noticed Mlioglotl
 20138 | Swamp:3  | Killed Mlioglotl
 20455 | Swamp:4  | Entered Level 4 of the Swamp
 20990 | Swamp:4  | Identified the ring "Vum Myqi" {rElec rC+ Int+3 Dex-3 SInv}
 21186 | Swamp:4  | Found a runed translucent door.
 21188 | Swamp:4  | Noticed bl3nd3r's ghost (adept MiBe)
 21493 | Swamp:4  | Got a decaying rune of Zot
 21645 | Spider:1 | Entered Level 1 of the Spider Nest
 22077 | Spider:2 | Noticed Arachne
 22086 | Spider:2 | Killed Arachne
 22620 | Spider:3 | Reached XP level 17. HP: 163/163 MP: 24/24
 23201 | Spider:4 | Entered Level 4 of the Spider Nest
 23895 | Spider:4 | Noticed Louise
 23906 | Spider:4 | Killed Louise
 24164 | Spider:4 | Reached skill level 10 in Dodging
 24339 | Spider:4 | Got a gossamer rune of Zot
 24702 | Depths:1 | Entered Level 1 of the Depths
 24731 | Depths:1 | Found Rymuh's Antique Armour Shop.
 25020 | Depths:2 | Reached XP level 18. HP: 176/176 MP: 25/25
 25064 | Depths:2 | Noticed a caustic shrike
 25084 | Depths:2 | Identified the ring of Ytukhlin {Fly rC+}
 25086 | Depths:2 | Killed a caustic shrike
 25368 | Depths:2 | Found a sparkling altar of Nemelex Xobeh.
 25369 | Depths:2 | Noticed Boris
 25382 | Depths:2 | Killed Boris
 25592 | Depths:2 | Found a one-way gate leading to the halls of Pandemonium.
 25709 | Depths:2 | Found a gateway to Hell.
 25874 | Depths:3 | Noticed Frederick
 25882 | Depths:3 | Killed Frederick
 26127 | Depths:3 | Noticed a juggernaut
 26259 | Depths:3 | Noticed a caustic shrike
 26263 | Depths:3 | Killed a caustic shrike
 26304 | Depths:3 | Found Buyphub's Neck Hole.
 26335 | Depths:3 | Reached skill level 15 in Shields
 26364 | Depths:3 | Reached XP level 19. HP: 187/187 MP: 26/26
 26457 | Depths:3 | Noticed Boris
 26476 | Depths:3 | Killed Boris
 26765 | Depths:3 | Noticed a caustic shrike
 26769 | Depths:3 | Killed a caustic shrike
 26782 | Depths:3 | Noticed a golden dragon
 26783 | Depths:3 | Noticed a juggernaut
 26789 | Depths:3 | Killed a golden dragon
 26790 | Depths:3 | Noticed a golden dragon
 26792 | Depths:3 | Noticed a juggernaut
 26798 | Depths:3 | Noticed a caustic shrike
 26807 | Depths:3 | Killed a juggernaut
 26810 | Depths:3 | Noticed the Enchantress
 26811 | Depths:3 | Killed a juggernaut
 26842 | Depths:3 | Killed a juggernaut
 26869 | Depths:3 | Killed a caustic shrike
 27043 | Depths:3 | Noticed Margery
 27059 | Depths:3 | Killed Margery
 27688 | Depths:3 | Killed the Enchantress
 27699 | Depths:3 | Killed a golden dragon
 27829 | Depths:3 | Identified the staff of fire "Jixt" {*Corrode rF+ rC++
                  | Dex+4}
 27916 | Depths:4 | Entered Level 4 of the Depths
 27930 | Depths:4 | Reached XP level 20. HP: 165/198 MP: 27/27
 28149 | Depths:4 | Found a one-way gateway to a ziggurat.
 28289 | Depths:4 | Found a sacrificial altar of Ru.
 28497 | Depths:4 | Noticed a bone dragon
 28504 | Depths:4 | Killed a bone dragon
 28507 | Depths:4 | Found a gate to the Realm of Zot.
 28522 | Abyss:3  | Cast into level 3 of the Abyss (unwielding a weapon of
                  | distortion)
 28527 | Abyss:3  | Gained mutation: Your body sometimes deteriorates upon
                  | taking damage. [mutagenic glow]
 28540 | Abyss:3  | Gained mutation: You are weak. (Str -2) [mutagenic glow]
 28547 | Abyss:3  | Gained mutation: You are dopey. (Int -2) [mutagenic glow]
 28560 | Abyss:3  | Gained mutation: You are frail. (-10% HP) [mutagenic glow]
 28579 | Abyss:3  | Gained mutation: Your body often deteriorates upon taking
                  | damage. [mutagenic glow]
 28772 | Abyss:3  | Reached XP level 21. HP: 186/186 MP: 28/28
 28773 | Abyss:3  | Lost mutation: You are dopey. (Int -2) [potion of mutation]
 28773 | Abyss:3  | Lost mutation: Your body often deteriorates upon taking
                  | damage. [potion of mutation]
 28773 | Abyss:3  | Gained mutation: You are strong-willed. (Will+) [potion of
                  | mutation]
 28781 | Abyss:3  | Lost mutation: You are strong-willed. (Will+) [potion of
                  | mutation]
 28781 | Abyss:3  | Lost mutation: Your body sometimes deteriorates upon taking
                  | damage. [potion of mutation]
 28781 | Abyss:3  | Gained mutation: You have hidden genetic defects. [potion
                  | of mutation]
 28794 | Abyss:3  | Lost mutation: You are weak. (Str -2) [potion of mutation]
 28794 | Abyss:3  | Lost mutation: You have hidden genetic defects. [potion of
                  | mutation]
 28794 | Abyss:3  | Lost mutation: You are frail. (-10% HP) [potion of
                  | mutation]
 28794 | Abyss:3  | Gained mutation: You are clumsy. (Dex -2) [potion of
                  | mutation]
 28794 | Abyss:3  | Lost mutation: You are clumsy. (Dex -2) [potion of
                  | mutation]
 28794 | Abyss:3  | Gained mutation: You do not regenerate when monsters are
                  | visible. [potion of mutation]
 28795 | Abyss:3  | Lost mutation: You do not regenerate when monsters are
                  | visible. [potion of mutation]
 28795 | Abyss:3  | Gained mutation: You are agile. (Dex +4, Str/Int -1)
                  | [potion of mutation]
 28795 | Abyss:3  | Gained mutation: You are partially covered in iridescent
                  | scales. (AC +2) [potion of mutation]
 29037 | Abyss:3  | Got an abyssal rune of Zot
 29049 | Depths:4 | Escaped the Abyss
 29140 | Zot:1    | Entered Level 1 of the Realm of Zot
 29169 | Zot:1    | Found the +4 dragonskin cloak
 29169 | Zot:1    | Noticed Tiamat
 29268 | Zot:1    | Mangled by Tiamat

Illustrated notes

Levels and vault maps discovered:
D:1:      shiori_arrival_elements, layout_loops_ring,
          dreamdust_ecumenical_altar_sealed_demon
D:2:      layout_basic, chequers_serial_rivers_small_3, minmay_crystal_water,
          uniq_terence, uniq_natasha
D:3:      layout_loops_ring, mainiacjoe_overflow_catwalk,
          nicolae_wu_jian_wuxing_cycle, minmay_joined_circles, uniq_jessica,
          uniq_ijyb
D:4:      layout_basic, eat_drink_and_be_merry_uskayaw,
          gammafunk_temple_overflow_statue, minmay_temple_entry_butterflies,
          minmay_starry_boxes, uniq_blork_the_orc
D:5:      layout_loops_ring, serial_shops, nicolae_diamond_shop
D:6:      minmay_flawed_box, layout_gridville, mainiacjoe_overflow_swirl,
          mainiacjoe_overflow_paths, nicolae_qazlal_general_emergency,
          dk_rats_in_the_wall
D:7:      layout_basic, mainiacjoe_overflow_small_starburst, serial_park_tiny_1,
          minmay_misc_feat_rows
D:8:      layout_basic, chequers_avenue
D:9:      layout_basic, fedhas_ov_isle_minmay, minmay_orc_entry_temple_small,
          minmay_tree_intersection, uniq_harold, uniq_psyche
D:10:     layout_basic
D:11:     layout_basic, due_lair_maze_entry_diamond,
          nicolae_dithmenos_the_darkroom
D:12:     layout_rooms, serial_shops, nicolae_shop_rolling_square, uniq_azrael,
          uniq_frances
D:13:     layout_gridville, minmay_misc_feat_iff
D:14:     layout_irregular_city, erik_vaults_1, minmay_misc_feat_x
D:15:     gammafunk_depths_entry_grave, layout_rooms,
          hangedman_abyss_or_decor_slice, minmay_more_statues
Temple:   nicolae_temple_ecumenical_triangle
Lair:1:   layout_roguey, grunt_megastairs_2, infiniplex_staircase_pool_2
Lair:2:   layout_loops_ring, nicolae_spider_entry_lesser_pyramids,
          grunt_forest_large_clearings, serial_bayou_shore_a
Lair:3:   layout_small_grid, minmay_swamp_entry_worms, lemuel_fruit_fields,
          lemuel_fruit_fields
Lair:4:   gammafunk_lair_enchanted_lake, layout_regular_city, slime_entry_1
Lair:5:   hellmonk_lair_end_abyssal_woods, layout_gridlike,
          nicolae_lair_run_with_the_wolves
Swamp:1:  layout_falls_marsh, gammafunk_ghost_necromancy,
          portal_ice_cave_entry_ice_statue_one, nicolae_swamp_dense_foliage,
          uniq_nikola
Swamp:2:  layout_falls_marsh, hangedman_swamp_ruin_wall
Swamp:3:  layout_basic_swamp, nicolae_swamp_godswood, uniq_mlioglotl
Swamp:4:  swamp_icy, layout_basic_swamp, gammafunk_ghost_grave
Spider:1: layout_spider_delve
Spider:2: layout_chambers, hellmonk_watch_for_rolling_rocks, uniq_arachne
Spider:3: layout_cave_pods
Spider:4: grunt_spider_rune_circles, uniq_louise
Orc:1:    lemuel_ogre_cave, layout_caves, basic_altar
Orc:2:    st_orc_town, layout_caves
Depths:1: layout_gridville, kennysheep_nondescript,
          nicolae_trove_entry_isolated, hell_entry, serial_shops,
          nicolae_shop_trees, minmay_splitting_lines, minmay_alternating_orb,
          grunt_megastairs_1, serial_bayou_shore_b
Depths:2: minmay_the_grid_triangle_9x9_rhombus_thin_mashed
          [minmay_the_grid_triangle_9x9_limited_checkers,
          minmay_the_grid_triangle_9x9_prize_insulated,
          minmay_the_grid_triangle_9x9_from_above,
          minmay_the_grid_triangle_9x9_wacky_v], layout_twisted_cross,
          grunt_pan_entry_spiral, nemelex_lonely_heart_becter,
          pf_dread_powers_of_hell, serial_bayou, serial_bayou_crossing,
          serial_bayou_pond_e, serial_bayou_pond_c, serial_bayou_pond_e,
          minmay_hedge_maze, infiniplex_staircase_x
Depths:3: lemuel_castle_with_subvaults [lemuel_castle_interior_carwin_2],
          layout_honeycomb, rand_demon_pan_entry_5, abyss_entry,
          grunt_hell_entry_dis_grunt, nicolae_concentric_dashed_squares_mild,
          nicolae_shop_sticking_my_neck_out, infiniplex_staircase_zigzag_4,
          uniq_frederick, uniq_margery, uniq_enchantress
Depths:4: grunt_zot_entry_pinwheel, layout_cave_pools, enter_ziggurat_e,
          ebering_dispersal_statue_hall, nicolae_hell_entry_big_baal_hell,
          abyss_entry, nicolae_ru_sacrificial_ziggurat
Zot:1:    lemuel_draconian_sentries_small, layout_misc_corridors, uniq_tiamat

Skill      XL: |  1  2  3  4  5  6  7  8  9 10 11 12 13 14 15 16 17 18 19 20 |
---------------+-------------------------------------------------------------+-----
Armour         | 4 5 6 7 8 9 10 12 13 14 15 16 18 19 20 21 22 | 22.6
Fighting       | 4 5 6 8 9 10 11 13 14 15 16 17 19 20 21 22 | 22.5
Axes           | 3 4 5 6 7 9 10 11 12 14 15 16 17 19 20 21 22 | 22.4
Shields        | 4 5 6 7 8 9 10 11 12 13 14 15 16 | 16.5
Evocations     | 2 3 4 |  4.1
Invocations    | 2 4 6 8 9 10 11 | 11.0
Dodging        | 1 3 5 6 8 9 10 11 12 13 | 13.2

Action                     |  1- 3 |  4- 6 |  7- 9 | 10-12 | 13-15 | 16-18 | 19-21 || total
---------------------------+-------+-------+-------+-------+-------+-------+-------++-------
  Melee: War axe           |    70 |   138 |   266 |   384 |   667 |       |       ||  1525
         Headbutt          |     4 |    19 |    43 |    79 |   204 |   251 |   209 ||   809
         Broad axe         |       |       |       |       |   109 |   878 |   606 ||  1593
 Invoke: Slouch            |       |       |       |       |     6 |     2 |     6 ||    14
         Step From Time    |       |       |       |       |       |     1 |     1 ||     2
         Bend Time         |       |       |       |       |       |       |     2 ||     2
  Evoke: Wand              |       |       |       |       |       |     3 |     2 ||     5
         Phantom mirror    |       |       |       |       |       |       |     1 ||     1
    Use: Scroll            |       |     8 |     2 |    11 |     8 |    10 |     7 ||    46
         Potion            |       |     2 |     1 |     1 |       |     1 |     8 ||    13
   Stab: Confused          |       |       |       |       |     2 |       |       ||     2
         Distracted        |       |       |       |       |       |     1 |       ||     1
 Armour: Scale mail        |    40 |    67 |   114 |       |       |       |       ||   221
         Plate armour      |       |       |    68 |    15 |       |       |       ||    83
         Crystal plate arm |       |       |       |   268 |   457 |   444 |   102 ||  1271
         Gold dragon scale |       |       |       |       |       |       |   176 ||   176
  Dodge: Dodged            |    32 |    67 |    95 |   131 |   324 |   390 |   334 ||  1373
  Block: Buckler           |    16 |    32 |    73 |   144 |   203 |       |       ||   468
         Tower shield      |       |       |       |       |   273 |   939 |   745 ||  1957
